 Dungeon Crawl Stone Soup version 0.31-a0-963-ga325b2283a (webtiles) character file.

Game seed: 14389104882285734807

5635 Forgeling the Grappler (level 10, -7/92 HPs)
             Began as a Troll Shapeshifter on Oct 24, 2023.
             Was an Elder of Okawaru.
             Mangled by a spriggan defender zombie (15 damage)
             ... on level 2 of the Abyss.
             The game lasted 00:15:57 (7906 turns).

Forgeling the Grappler (Troll Shapeshifter)         Turns: 7906, Time: 00:15:57

Health: -7/92      AC:  5    Str: 26    XL:     10   Next: 46%
Magic:  14/14      EV:  9    Int:  6    God:    Okawaru [****..]
Gold:   959        SH:  0    Dex: 11    Spells: 9/9 levels left

rFire   . .          .
                       - Unarmed
rCold   + . .        (shield currently unavailable)
rNeg    . . .        a - +1 animal skin
rPois   .            (helmet restricted)
rElec   .            (no cloak)
rCorr   .            (gloves unavailable)
SInv    .            (boots unavailable)
Will    .....        (no amulet)
Stlth   +            n - ring of protection from cold
HPRegen 1.15/turn    (no ring)
MPRegen 0.14/turn

%: no passive effects
@: flux-form, glowing
A: glow, contaminating, large, unfitting armour, claws 3, regeneration 1, shaggy
fur 1, tough skin 1
a: Begin Untransformation, Renounce Religion, Heroism, Finesse


You were on level 2 of the Abyss.
You worshipped Okawaru.
Okawaru was greatly pleased with you.
You were something dangerously unstable.
You visited 1 branch of the dungeon, and saw 9 of its levels.
You visited the Abyss 1 time.
You also visited: Bailey.

You collected 1001 gold pieces.
You spent 42 gold pieces at shops.

Inventory:

Missiles
 q - 2 curare-tipped darts
 t - 9 poisoned darts (quivered)
 u - 7 throwing nets
 w - 3 javelins
Armour
 a - a +1 animal skin (worn)
Jewellery
 n - a ring of protection from cold (left claw)
Talismans
 d - a flux talisman (active)
 g - a beast talisman
Wands
 h - a wand of light (17)
 y - a wand of mindburst (15)
Scrolls
 b - a scroll of fear {unknown}
 c - a scroll of enchant weapon {unknown}
 k - a scroll of summoning {unknown}
 m - a scroll of revelation {unknown}
 o - a scroll of enchant armour
 r - a scroll of immolation {unknown}
 D - a scroll of blinking
 F - a scroll of fog
 P - a scroll of poison
 Y - 2 scrolls of teleportation {@r3}
Potions
 e - a potion of invisibility {unknown}
 i - 3 potions of might {unknown}
 j - a potion of cancellation {unknown}
 l - a potion of berserk rage {unknown}
 A - 3 potions of attraction
 J - 4 potions of curing {@q1}
 N - 4 potions of heal wounds {@q2}
 Q - a potion of magic
 R - a potion of resistance
 U - 2 potions of mutation
 W - 2 potions of lignification


   Skills:
 - Level 4.0 Fighting
 - Level 1.5 Dodging
 - Level 11.0 Unarmed Combat
 + Level 6.9 Invocations
 - Level 2.0 Evocations
 - Level 7.0 Shapeshifting


You had 9 spell levels left.
You didn't know any spells.
Your spell library contained the following spells:

 Spells                   Type           Power      Damage    Failure   Level
 Gell's Gravitas          Tloc           0%         N/A       83%         3
 Teleport Other           Tloc           0%         N/A       83%         3
 Olgreb's Toxic Radiance  Pois           0%         N/A       99%         4
 Dispersal                Tloc           0%         N/A       100%        6
 Discord                  Hex            0%         N/A       100%        8
 Ignition                 Fire           0%         3d3       100%        8


Dungeon Overview and Level Annotations

Branches:
Dungeon (9/15)             Temple (0/1) D:5          Bailey (visited)
   Lair: D:8-11         Orc: D:9-12

Altars:
Ashenzari
Cheibriados
Gozag
Hepliaklqana
Okawaru
Sif Muna
The Shining One

Shops:
D:1 (!((   D:8 [

Annotations:
D:8 2 runed translucent doors, xbox's ghost, novice DrSh
D:9 Erolcha


Innate Abilities, Weirdness & Mutations

You are something dangerously unstable.
You glow with magical radiation, making you easy to see and hit.
Foes you strike become dangerously contaminated with magical radiation.
You are incapable of wielding weapons or throwing items.
You are too large for most types of armour.
You have claws for hands.
Your natural rate of healing is unusually fast.
You are covered in fur. (AC +1)
You have tough skin. (AC +1)


Message History

Found a corrupted altar of Lugonu.
Found a blossoming altar of Fedhas.
You feel like a meek peon again.
You barely miss the spriggan defender zombie.
The spriggan defender zombie hits you.
You claw the spriggan defender zombie!
The spriggan defender zombie begins to glow.
The spriggan defender zombie is lightly damaged.
You closely miss the spriggan defender zombie.
The spriggan defender zombie is lightly damaged.
The spriggan defender zombie hits you!!
You claw the spriggan defender zombie!
The spriggan defender zombie glows dangerously bright.
The spriggan defender zombie is lightly damaged.
The spriggan defender zombie hits you!
You barely miss the spriggan defender zombie.
The spriggan defender zombie is lightly damaged.
The spriggan defender zombie hits you.
You scratch the spriggan defender zombie.
The spriggan defender zombie shudders as magic cascades through it!!
The spriggan defender zombie is moderately damaged.
The spriggan defender zombie hits you!
* * * LOW HITPOINT WARNING * * *
You closely miss the spriggan defender zombie.
The spriggan defender zombie is moderately damaged.
The spriggan defender zombie hits you!!
* * * LOW HITPOINT WARNING * * *
The spriggan defender zombie hits you!
* * * LOW HITPOINT WARNING * * *
You barely miss the spriggan defender zombie.
The spriggan defender zombie is moderately damaged.
The spriggan defender zombie hits you!
* * * LOW HITPOINT WARNING * * *
You claw the spriggan defender zombie!
The spriggan defender zombie begins to glow.
The spriggan defender zombie is heavily damaged.
You barely miss the spriggan defender zombie.
The spriggan defender zombie is heavily damaged.
The spriggan defender zombie hits you!
You die...

..# .. ##.
..### ...#
###..# #..
#.##.#..##.....
#............#
##.#..p#.## .#
#..Z### #....#
#....# ###..#
#.## ##


You could see a spriggan defender zombie (contam).

Vanquished Creatures
  A two-headed ogre (D:5)
  An efreet (D:8)
  Grum (Bailey)
  4 yaks (D:8)
  A steam dragon (D:7)
  A water moccasin (D:6)
  2 ice beasts
  A sky beast (D:6)
  6 wolves (Bailey)
  2 ogres
  3 centaurs
  3 phantoms
  2 kobold brigands (D:7)
  9 gnoll sergeants
  2 scorpions (D:6)
  A bullfrog (D:8)
  3 killer bees (D:8)
  An electric eel (D:8)
  6 hounds
  4 orc priests
  7 gnoll boudas
  2 sleepcaps
  Natasha (D:4)
  6 iguanas
  11 orc wizards
  24 gnolls
  5 adders
  A shadow imp (D:8)
  2 ufetubi (D:5)
  A worm (D:3)
  4 dart slugs
  28 orcs
  14 ball pythons
  5 bats
  7 endoplasms
  3 giant cockroaches
  7 goblins
  6 hobgoblins
  4 jackals (D:5)
  2 quokkas (D:3)
  5 frilled lizards
  20 kobolds
  3 rats
222 creatures vanquished.

Notes
Turn   | Place    | Note
-------+----------+-------------------------------------------
     0 | D:1      | Forgeling the Troll Shapeshifter began the quest for the
                  | Orb.
     0 | D:1      | Reached XP level 1. HP: 18/18 MP: 0/0
   198 | D:1      | Reached XP level 2. HP: 26/26 MP: 1/1
   199 | D:1      | Found Jusinel's Weapon Shoppe.
   199 | D:1      | Found Malod's Distillery.
   213 | D:1      | Bought a potion of curing for 42 gold pieces
   264 | D:1      | Found Moimab's Antique Weapon Shop.
   279 | D:1      | Reached skill level 4 in Unarmed Combat
   466 | D:1      | Found Egeugg's Weapon Emporium.
   469 | D:1      | Reached XP level 3. HP: 32/32 MP: 2/2
   832 | D:2      | Found an iron altar of Okawaru.
   847 | D:2      | Became a worshipper of Warmaster Okawaru
  1441 | D:3      | Reached XP level 4. HP: 40/40 MP: 3/3
  1533 | D:3      | Reached skill level 5 in Unarmed Combat
  1864 | D:3      | Found a snail-covered altar of Cheibriados.
  2537 | D:4      | Reached XP level 5. HP: 31/46 MP: 4/4
  2538 | D:4      | Reached skill level 6 in Unarmed Combat
  2855 | D:4      | Noticed Natasha
  2864 | D:4      | Killed Natasha
  2864 | D:4      | Reached * piety under Okawaru
  2865 | D:4      | Reached XP level 6. HP: 50/54 MP: 5/5
  2931 | D:4      | Reached skill level 7 in Unarmed Combat
  3290 | D:5      | Entered Level 5 of the Dungeon
  3299 | D:5      | Reached skill level 1 in Fighting
  3337 | D:5      | Reached skill level 1 in Invocations
  3464 | D:5      | Noticed a two-headed ogre
  3474 | D:5      | Killed a two-headed ogre
  3474 | D:5      | Reached ** piety under Okawaru
  3475 | D:5      | Reached skill level 8 in Unarmed Combat
  3475 | D:5      | Reached XP level 7. HP: 22/67 MP: 4/8
  3475 | D:5      | Reached XP level 8. HP: 24/75 MP: 4/9
  3631 | D:5      | Found a staircase to the Ecumenical Temple.
  3788 | D:5      | Found a broken altar of Ashenzari.
  3789 | D:5      | Found a hazy altar of Hepliaklqana.
  3791 | D:5      | Found a shimmering blue altar of Sif Muna.
  3808 | D:5      | Reached skill level 9 in Unarmed Combat
  3883 | D:5      | Reached *** piety under Okawaru
  4509 | D:6      | Reached skill level 10 in Unarmed Combat
  4662 | D:6      | Reached XP level 9. HP: 42/84 MP: 10/10
  4877 | D:6      | Found a glowing golden altar of the Shining One.
  5134 | D:7      | Reached **** piety under Okawaru
  5135 | D:7      | Reached skill level 11 in Unarmed Combat
  5135 | D:7      | Reached skill level 1 in Evocations
  5218 | D:7      | Found an opulent altar of Gozag.
  5262 | D:7      | Found a flagged portal.
  5277 | Bailey   | Entered a bailey
  5514 | Bailey   | Reached skill level 5 in Shapeshifting
  5736 | Bailey   | Noticed Grum
  5752 | Bailey   | HP: 2/84 [gnoll sergeant/+0 glaive (18)]
  5779 | Bailey   | Killed Grum
  5832 | Bailey   | Reached XP level 10. HP: 71/92 MP: 11/11
  6744 | D:8      | Identified the +5 long sword of Burning Integrity {spect,
                  | Will+ rCorr Str+4}
  6863 | D:8      | Found Moofa's Armour Shoppe.
  6873 | D:8      | Reached skill level 5 in Invocations
  7065 | D:8      | Identified the +3 flail of Beogh's Whim {vamp, Drain Will+
                  | Dex+4}
  7476 | D:8      | Found a large runed translucent door.
  7477 | D:8      | Found a large runed translucent door.
  7479 | D:8      | Noticed xbox's ghost (novice DrSh)
  7602 | D:8      | Reached ***** piety under Okawaru
  7853 | D:9      | Noticed Erolcha
  7855 | Abyss:2  | Identified the "Faavugg"
  7855 | Abyss:2  | Found a corrupted altar of Lugonu.
  7855 | Abyss:2  | Cast into level 2 of the Abyss (Erolcha)
  7874 | Abyss:2  | Found a blossoming altar of Fedhas.
  7906 | Abyss:2  | Mangled by a spriggan defender zombie

Illustrated notes

Levels and vault maps discovered:
D:1:      dpeg_cavernosity, layout_rooms, serial_shops, nicolae_shop_trees,
          shop, nicolae_shop_rolling_square, shop
D:2:      layout_basic, basic_altar
D:3:      layout_loops_corners, nicolae_overflow_hidden_temple,
          dreamdust_wishing_well
D:4:      layout_basic, uniq_natasha
D:5:      layout_cave_pods, gammafunk_temple_overflow_forgotten,
          minmay_temple_entry_poolview
D:6:      layout_cave_pods, tso_oasis_becter
D:7:      layout_cave_pools, nicolae_gozag_seed_capital, enter_bailey_5
D:8:      layout_cave_pods, ebering_ghost_disaster_area, serial_shops, shop,
          roderic_lattice_a, minmay_crystal_water
D:9:      layout_rooms, gammafunk_ghost_wrathful_warriors, nicolae_benzene_ring,
          uniq_erolcha
Abyss:2:  base: D:2, base: D:9, minivault_13

Skill      XL: |  1  2  3  4  5  6  7  8  9 10 |
---------------+-------------------------------+-----
Unarmed Combat | 4 5 6 8 10 11 | 11.0
Fighting       | 3 4 |  4.0
Invocations    | 3 6 |  6.9
Evocations     | 2 |  2.0
Shapeshifting  | 7 |  7.0
Dodging        | |  1.5

Action                     |  1- 3 |  4- 6 |  7- 9 | 10-12 || total
---------------------------+-------+-------+-------+-------++-------
  Melee: Unarmed           |    86 |    92 |   238 |   177 ||   593
         Punch             |     4 |     2 |    15 |       ||    21
  Throw: Dart              |       |     2 |     3 |       ||     5
 Invoke: Heroism           |       |     1 |     5 |     1 ||     7
  Evoke: Wand              |       |       |     2 |     1 ||     3
    Use: Scroll            |     3 |     3 |     4 |     3 ||    13
         Potion            |       |       |     2 |       ||     2
   Stab: Sleeping          |     1 |       |       |       ||     1
         Invisible         |       |       |     1 |       ||     1
 Armour: Animal skin       |    39 |    38 |   217 |   128 ||   422
  Dodge: Dodged            |    28 |    35 |   117 |    74 ||   254
   Form: Flux              |       |       |       |     1 ||     1

Table legend: (Time is in decaauts)
 A = Elapsed time spent in this place.
 B = Non-inter-level travel time spent in this place.
 C = Inter-level travel time spent in this place.
 D = Time resting spent in this place.
 E = Time spent auto-exploring this place.
 F = Levels seen in this place.
 G = Mean time per level.
                   A        B        C        D        E       F      G
               +--------+--------+--------+--------+--------+-----+--------+
         Total |   7807 |   7506 |    301 |     75 |   5786 |  11 |  709.7 |
       Dungeon |   7056 |   6755 |    301 |     37 |   5457 |   9 |  784.0 |
         Abyss |     49 |     49 |      0 |      0 |      0 |   1 |   49.0 |
        Bailey |    701 |    701 |      0 |     38 |    329 |   1 |  701.0 |
               +--------+--------+--------+--------+--------+-----+--------+

Top non-repeatable levels by time:
     D:8: 1381 daAuts
     D:4: 1016 daAuts
     D:5: 891 daAuts
     D:6: 874 daAuts
     D:3: 866 daAuts
     D:2: 708 daAuts
  Bailey: 701 daAuts
     D:1: 684 daAuts
     D:7: 632 daAuts
 Abyss:2: 49 daAuts
     D:9: 1 daAuts
